AoeStats
← Diegor

Scandinavia

510919382Analyzed
1v1 RM · 11h ago on Oct 3, 2026· 47m 17s· 2 players
Game mode
Random Map
Map size
Tiny (2 player)
Population
200
Speed
Normal
Resources
Standard
Victory
Conquest
Starting age
Dark Age
Ending age
Imperial Age
RankedLock teamsTeams togetherTeam positionsShared explorationLock speedFull tech treeHidden civsTurbo modeCheats
Victory
Defeat
🇨🇳 Romans · China
656
+11
🇵🇪 Spanish · Peru
546
-11
Diegor
12:06 Feudal Age
16:15 Horse Collar
21:00 Double-Bit Axe
26:19 Castle Age
25:09 Padded Archer Armor
25:00 Fletching
25:21 Forging
25:12 Scale Mail Armor
27:45 Bodkin Arrow
28:05 Leather Archer Armor
28:26 Iron Casting
28:07 Chain Mail Armor
27:17 Pikeman
27:58 Squires
28:53 Bow Saw
29:54 Heavy Plow
41:43 Elite Skirmisher
神奇宝宝
12:31 Feudal Age
12:58 Double-Bit Axe
14:11 Wheelbarrow
13:06 Man-at-Arms
21:40 Horse Collar
22:55 Forging
22:47 Scale Mail Armor
25:53 Castle Age
24:30 Bloodlines
26:58 Gold Mining
26:58 Stone Mining
27:26 Hand Cart
27:27 Squires
26:48 Long Swordsman
28:37 Bow Saw
36:50 Gold Shaft Mining
38:49 Imperial Age
40:58 Conscription
Connection lost

Rejoining the realm…

Still unreachable

The connection could not be restored.

Session expired

The server has moved on; the page needs a fresh start.